 Dungeon Crawl Stone Soup version 0.26-a0-466-g989023bd0d (webtiles) character file.

Game seed: 6159194950360708901

131 1player the Skirmisher (level 5, 0/42 HPs)
             Began as a Formicid Abyssal Knight on Aug 7, 2020.
             Was a Believer of Lugonu.
             Killed from afar by Sigmund (10 damage)
             ... with a magic dart
             ... on level 2 of the Dungeon.
             The game lasted 00:16:22 (4167 turns).

1player the Skirmisher (Formicid Abyssal Knight)    Turns: 4167, Time: 00:16:22

Health: 0/42       AC:  7    Str: 17    XL:     5   Next: 37%
Magic:  6/6        EV: 10    Int: 12    God:    Lugonu [**....]
Gold:   153        SH:  0    Dex: 10    Spells: 4/4 levels left

rFire    . . .     SeeInvis +   e - +0 short sword (elec)
rCold    . . .     Faith    .   m - +0 buckler
rNeg     . . .     Spirit   .   q - +0 ring mail
rPois    .         Reflect  .   (helmet unavailable)
rElec    .         Harm     .   (no cloak)
rCorr    .                      (no gloves)
MR       .....                  c - +1 pair of boots
Stlth    ..........             (no amulet)
HPRegen  0.14/turn              (no ring)
MPRegen  0.10/turn              (no ring)

@: confused
A: permanent stasis, dig shafts and tunnels, four strong arms, antennae 3
a: Dig, Shaft Self, Depart the Abyss, Bend Space, Renounce Religion


You were on level 2 of the Dungeon.
You worshipped Lugonu.
Lugonu was pleased with you.
You visited 1 branch of the dungeon, and saw 3 of its levels.
You visited the Abyss 1 time.

You collected 153 gold pieces.

Inventory:

Hand Weapons
 a - a +1 mace
 e - a +0 short sword of electrocution (weapon)
Missiles
 n - 9 poisoned darts (quivered)
Armour
 c - a +1 pair of boots (worn)
 m - a +0 buckler (worn)
 q - a +0 ring mail (worn)
Jewellery
 j - an uncursed ring of protection from cold {unknown}
Scrolls
 g - 2 scrolls of identify {unknown}
 h - a scroll of magic mapping
 i - a scroll of amnesia
 k - a scroll of enchant armour {unknown}
Potions
 d - 3 potions of heal wounds {unknown}
 f - 2 potions of curing {unknown}
 l - a potion of magic {unknown}
 o - a potion of ambrosia {unknown}
 p - a potion of stabbing {unknown}
 r - 2 potions of brilliance {unknown}


   Skills:
 + Level 4.2 Fighting
 - Level 4.0 Maces & Flails
 - Level 2.1 Armour
 - Level 0.8 Dodging
 - Level 2.4 Shields
 - Level 2.1 Invocations


You had 4 spell levels left.
You didn't know any spells.
Your spell library was empty.

Dungeon Overview and Level Annotations

Branches:
Dungeon (3/15)

Altars:

Annotations:
D:2 Sigmund


Innate Abilities, Weirdness & Mutations

You cannot be hasted, slowed, berserked, paralysed or teleported.
You can dig through walls and to a lower floor.
Your four strong arms can wield two-handed weapons with a shield.
You have a pair of large antennae on your head. (SInv)


Message History

You barely miss Sigmund.
Sigmund is heavily wounded.
Sigmund completely misses you.
You barely miss Sigmund.
Sigmund is heavily wounded.
Sigmund casts a spell at you.
You are confused.
You bump into the rock wall.
Sigmund casts a spell at you. The puff of flame hits you!
* * * LOW HITPOINT WARNING * * *
You bump into the rock wall.
Sigmund casts a spell at you. The puff of flame hits you.
* * * LOW HITPOINT WARNING * * *
You bump into the rock wall.
Sigmund laughs darkly.
Sigmund gestures at you while chanting. The magic dart hits you!
You die...

### ##.##########**###
##........†..##...#
##...#.#.####....#,*
##.#..##@.# ####...#
#.##....#@# **.##****
### ##.#.##.).#
**,..,,,, ##<##
##..##(#.# *,,,..,,*
#)..# ##......#
*,***##,* #.8.#
##.#.####*****,*****,*
#...#
#.......#*,,,,,**,,,,,
##..##
#..#.#..#*,,,,,**,*,,,
#####.###
#..#.#..#*.,,,,**,*,,*


You could see Sigmund (poisoned).

Vanquished Creatures
  6 adders
  An ooze (D:1)
  A worm (D:2)
  4 dart slugs
  2 leopard geckos
  2 orcs (D:3)
  2 giant cockroaches
  8 goblins
  9 hobgoblins
  4 jackals (D:3)
  5 kobolds
  A quokka (D:2)
  A ball python (D:2)
  3 bats
  7 rats
56 creatures vanquished.

Notes
Turn   | Place    | Note
-------+----------+-------------------------------------------
     0 | Abyss:1  | 1player the Formicid Abyssal Knight began the quest for the
                  | Orb.
     0 | Abyss:1  | Reached XP level 1. HP: 18/18 MP: 2/2
    46 | Abyss:2  | Noticed an ancient zyme
    52 | Abyss:2  | Noticed a large abomination
    53 | D:1      | Escaped the Abyss
   132 | D:1      | Reached * piety under Lugonu
   132 | D:1      | Reached XP level 2. HP: 10/24 MP: 3/3
   651 | D:1      | Reached XP level 3. HP: 29/29 MP: 4/4
  1817 | D:2      | Reached XP level 4. HP: 35/35 MP: 5/5
  1823 | D:2      | Noticed Sigmund
  2426 | D:2      | Reached skill level 1 in Shields
  2669 | D:3      | Noticed an ogre
  2785 | D:3      | Reached ** piety under Lugonu
  3374 | D:3      | Reached XP level 5. HP: 41/41 MP: 6/6
  4167 | D:2      | Killed from afar by Sigmund

Illustrated notes

Levels and vault maps discovered:
D:1:      ncdulo_halloftheorcs, layout_loops_ring
D:2:      layout_loops_cross, grunt_ministairs_4, uniq_sigmund
D:3:      layout_loops_ring, nicolae_overflow_hidden_temple, minitemple

Skill      XL: |  1  2  3  4  5 |
---------------+----------------+-----
Maces & Flails | 3 4 |  4.0
Shields        | 2 |  2.4
Fighting       | 4 |  4.2
Armour         | |  2.1
Dodging        | |  0.8
Invocations    | |  2.1

Action                   |  1- 3 |  4- 6 || total
-------------------------+-------+-------++-------
Melee: Mace              |    50 |       ||    50
       Short sword       |    38 |   123 ||   161
Throw: Dart              |       |    19 ||    19
Invok: Depart the Abyss  |     1 |       ||     1
 Abil: Dig               |       |     1 ||     1
  Use: Scroll            |       |     2 ||     2
Armor: Leather armour    |    16 |    27 ||    43
       Ring mail         |       |    14 ||    14
Dodge: Dodged            |    44 |    61 ||   105
Block: Buckler           |       |    20 ||    20

Table legend: (Time is in decaauts)
 A = Elapsed time spent in this place.
 B = Non-inter-level travel time spent in this place.
 C = Inter-level travel time spent in this place.
 D = Time resting spent in this place.
 E = Time spent auto-exploring this place.
 F = Levels seen in this place.
 G = Mean time per level.
                   A        B        C        D        E       F      G
               +--------+--------+--------+--------+--------+-----+--------+
         Total |   4200 |   4127 |     73 |   1788 |    592 |   5 |  840.0 |
       Dungeon |   4148 |   4075 |     73 |   1788 |    592 |   3 | 1382.7 |
         Abyss |     52 |     52 |      0 |      0 |      0 |   2 |   26.0 |
               +--------+--------+--------+--------+--------+-----+--------+

Top non-repeatable levels by time:
     D:2: 1682 daAuts
     D:1: 1314 daAuts
     D:3: 1151 daAuts
 Abyss:2: 46 daAuts
 Abyss:1: 6 daAuts
